[Event "WJCC U20 Girls 2019"]
[Site "New Delhi"]
[Date "2019.10.19"]
[Round "6.3"]
[White "Shuvalova, Polina"]
[Black "Solozhenkina, Elizaveta"]
[Result "1-0"]
[ECO "C03"]
[WhiteElo "2412"]
[BlackElo "2283"]
[Annotator "NA"]
[PlyCount "79"]
[EventDate "2019.10.15"]
[EventType "swiss"]
[EventCountry "IND"]
[SourceTitle "playchess.com"]
[Source "ChessBase"]
[SourceQuality "1"]
[TimeControl "40/5400+30:1800+30"]

1. e4 e6 2. d4 d5 3. Nd2 Be7 4. Bd3 c5 5. dxc5 Nf6 6. Qe2 O-O 7. Ngf3 a5 8. O-O Na6 9. e5 Nd7 10. c4 Nb4 11. b3 Nxd3 12. Qxd3 Nxc5 13. Qe3 Bd7 $11 14. Bb2 b5 15. cxd5 exd5 16. Nd4 Ra6 17. Rad1 Re8 18. Qf3 Rg6 19. h3 Bg5 20. Nf5 Bxd2 21. Rxd2 Qg5 22. Ne3 d4 23. Rxd4 Bc6 24. Nd5 Qxe5 25. Rfd1 Ne4 26. Qf4 Qe6 27. Qe3 Ng5 28. Kf1 Qd6 29. Nf4 Qc7 30. Qc3 Rf6 31. Qg3 Rf5 32. Rd6 f6 33. Qg4 Be4 34. h4 Qc2 35. hxg5 Rxg5 36. Qd7 Bxg2+ 37. Nxg2 Qe2+ 38. Kg1 Re4 39. Qd8+ Re8 40. Qxe8+ 1-0

[Event "WJCC U20 Girls 2019"]
[Site "New Delhi"]
[Date "2019.10.19"]
[Round "6.4"]
[White "Rakshitta Ravi"]
[Black "Vaishali R"]
[Result "1/2-1/2"]
[ECO "A47"]
[WhiteElo "2310"]
[BlackElo "2385"]
[Annotator "NA"]
[PlyCount "84"]
[EventDate "2019.10.15"]
[EventType "swiss"]
[EventCountry "IND"]
[SourceTitle "playchess.com"]
[Source "ChessBase"]
[SourceQuality "1"]
[TimeControl "40/5400+30:1800+30"]

1. d4 Nf6 2. Nf3 b6 3. g3 Bb7 4. Bg2 c5 5. dxc5 bxc5 6. c4 g6 7. b3 Bg7 8. Bb2 O-O 9. O-O d6 10. Nc3 Nbd7 11. Qc2 Rb8 12. Rfe1 Ng4 $14 13. Rad1 Nge5 14. Nxe5 Nxe5 15. Bxb7 Rxb7 16. Na4 Qc8 17. Qc3 Bf6 18. f4 Nc6 19. Qd3 Bxb2 20. Nxb2 Nb4 21. Qb1 Qf5 22. Nd3 Nc6 23. e3 a5 24. Qc2 a4 25. bxa4 Nb4 26. Nxb4 Rxb4 27. Qxf5 gxf5 28. e4 fxe4 29. Rxe4 Rxa4 30. Rd2 Rfa8 31. Rxe7 Rxa2 32. Ree2 Rxd2 33. Rxd2 Ra6 34. Kf2 Kg7 35. Kf3 f5 36. Rd3 h5 37. h3 Kf6 38. g4 hxg4+ 39. hxg4 fxg4+ 40. Kxg4 Ke7 41. Re3+ Kf6 42. Rd3 Ke7 1/2-1/2

[Event "WJCC U20 Girls 2019"]
[Site "New Delhi"]
[Date "2019.10.19"]
[Round "6.5"]
[White "Arpita, Mukherjee"]
[Black "Assaubayeva, Bibisara"]
[Result "1/2-1/2"]
[ECO "B92"]
[WhiteElo "2271"]
[BlackElo "2381"]
[Annotator "NA"]
[PlyCount "101"]
[EventDate "2019.10.15"]
[EventType "swiss"]
[EventCountry "IND"]
[SourceTitle "playchess.com"]
[Source "ChessBase"]
[SourceQuality "1"]
[TimeControl "40/5400+30:1800+30"]

1. e4 c5 2. Nf3 d6 3. d4 cxd4 4. Nxd4 Nf6 5. Nc3 a6 6. Be2 e5 7. Nf3 Be7 8. Bg5 Be6 9. Bxf6 Bxf6 10. Nd5 Nd7 11. Bc4 Be7 $11 12. a4 Rc8 13. Qe2 Nf6 14. Nxf6+ Bxf6 15. Bxe6 fxe6 16. O-O O-O 17. Rfd1 Qc7 18. c3 Be7 19. a5 Qc5 20. Rdc1 Rc6 21. h4 Rc7 22. Rd1 Qc6 23. Rd3 Rf4 24. Re3 Rc8 25. g3 Rff8 26. b4 Rc7 27. Nd2 d5 28. Nf3 Bf6 29. exd5 exd5 30. Nxe5 Bxe5 31. Rxe5 Qxc3 32. Re1 Rcf7 33. Re8 Qxb4 34. Qe6 Rxe8 35. Qxe8+ Qf8 36. Qa4 Qc5 37. Re8+ Rf8 38. Rxf8+ Qxf8 39. Qd7 Qb8 40. Qxd5+ Kh8 41. Qd7 h6 42. h5 Kg8 43. Qe6+ Kf8 44. Qf5+ Ke7 45. Qe4+ Kf7 46. Qg6+ Kg8 47. Qe6+ Kh8 48. Qd7 b6 49. axb6 Qxb6 50. Qe8+ Kh7 51. Qe4+ 1/2-1/2

[Event "WJCC U20 Girls 2019"]
[Site "New Delhi"]
[Date "2019.10.19"]
[Round "6.6"]
[White "Berdnyk, Mariia"]
[Black "Toshali, V."]
[Result "1-0"]
[ECO "D11"]
[WhiteElo "2349"]
[BlackElo "1868"]
[Annotator "NA"]
[PlyCount "115"]
[EventDate "2019.10.15"]
[EventType "swiss"]
[EventCountry "IND"]
[SourceTitle "playchess.com"]
[Source "ChessBase"]
[SourceQuality "1"]
[TimeControl "40/5400+30:1800+30"]

1. d4 d5 2. c4 c6 3. Nf3 Nf6 4. g3 Bg4 5. Ne5 Bf5 6. cxd5 cxd5 7. Nc3 e6 8. Qa4+ Nbd7 9. e4 Bxe4 10. f3 Bg6 11. Bg5 a6 12. Nxd7 b5 13. Nxf6+ gxf6 14. Nxb5 fxg5 15. Nc7+ Ke7 16. Nxa8 Qxa8 17. Qxa6 Qxa6 18. Bxa6 Bg7 19. O-O-O Ra8 20. Bd3 Rxa2 21. Bxg6 hxg6 22. Kc2 Ra4 23. h4 gxh4 24. Rxh4 Bf6 25. Rh2 Ra7 26. Kd3 Rb7 27. Ke3 e5 28. dxe5 Bxe5 29. Re2 Kd6 30. Rb1 Bxg3 31. b4 Re7+ 32. Kd3 Ra7 33. Rb3 Kc6 34. b5+ Kb6 35. Rc2 Rd7 36. Kd4 Rd6 37. Ra2 Kb7 38. Kc5 d4 39. Rba3 Kc8 40. b6 d3 41. Ra8+ Kd7 42. Rd2 Rc6+ 43. Kb5 Rc3 44. Kb4 Rc1 45. Rxd3+ Bd6+ 46. Kb5 Rb1+ 47. Ka6 g5 48. Rg8 f6 49. b7 Ra1+ 50. Kb5 Rb1+ 51. Ka4 Kc6 52. Rxd6+ Kxd6 53. b8=Q+ Rxb8 54. Rxb8 Ke5 55. Rb4 f5 56. Kb3 f4 57. Kc3 Kf5 58. Rb5+ 1-0

[Event "WJCC U20 Girls 2019"]
[Site "New Delhi"]
[Date "2019.10.19"]
[Round "6.7"]
[White "Chitlange Sakshi"]
[Black "Dordzhieva, Dinara"]
[Result "1/2-1/2"]
[ECO "A61"]
[WhiteElo "2175"]
[BlackElo "2335"]
[Annotator "NA"]
[PlyCount "121"]
[EventDate "2019.10.15"]
[EventType "swiss"]
[EventCountry "IND"]
[SourceTitle "playchess.com"]
[Source "ChessBase"]
[SourceQuality "1"]
[TimeControl "40/5400+30:1800+30"]

1. d4 Nf6 2. c4 e6 3. Nf3 c5 4. d5 exd5 5. cxd5 d6 6. Nc3 g6 7. Bf4 a6 8. a4 Bg7 9. h3 O-O 10. e3 Qe7 11. Be2 Nbd7 12. O-O Rb8 13. Qc2 Nh5 $14 14. Bh2 f5 15. Nd2 Nhf6 16. Rab1 Ne5 17. b4 cxb4 18. Rxb4 Qc7 19. Rc1 Kh8 20. Qb1 Qf7 21. Qa2 b6 22. Bxe5 dxe5 23. Nc4 Nd7 24. Qb1 e4 25. Nxb6 Nxb6 26. Rxb6 Rxb6 27. Qxb6 f4 28. Nxe4 Qxd5 29. Bf3 fxe3 30. Qxe3 Qe5 31. Rc5 Qe7 32. Qg5 Qe8 33. Qc1 Bd7 34. a5 Bd4 35. Rc4 Bg7 36. Rc7 Bf5 37. Nd6 Qe6 38. Nxf5 Qxf5 39. Rc5 Qd3 40. Rd5 Qb3 41. Rd7 Qc3 42. Qxc3 Bxc3 43. Rd6 Bxa5 44. Rxa6 Bc3 45. h4 Bd4 46. Rd6 Bc5 47. Rd5 Rf5 48. Rd7 Rf4 49. h5 gxh5 50. Rd5 Rc4 51. Bxh5 Rc2 52. Rf5 Rc1+ 53. Kh2 Bd6+ 54. Kh3 Rc5 55. Kg4 Rxf5 56. Kxf5 Kg7 57. Ke6 Bc5 58. f4 Bd4 59. g4 h6 60. Be8 Bc3 61. Bh5 1/2-1/2

[Event "WJCC U20 Girls 2019"]
[Site "New Delhi"]
[Date "2019.10.19"]
[Round "6.8"]
[White "Priyanka Nutakki"]
[Black "Antova, Gabriela"]
[Result "0-1"]
[ECO "A06"]
[WhiteElo "2248"]
[BlackElo "2318"]
[Annotator "NA"]
[PlyCount "130"]
[EventDate "2019.10.15"]
[EventType "swiss"]
[EventCountry "IND"]
[SourceTitle "playchess.com"]
[Source "ChessBase"]
[SourceQuality "1"]
[TimeControl "40/5400+30:1800+30"]

1. Nf3 d5 2. c4 e6 3. e3 Nf6 4. Nc3 c6 5. b3 Nbd7 6. Bb2 Bd6 7. Be2 O-O 8. O-O e5 9. cxd5 Nxd5 10. Ne4 Bc7 11. d4 $11 Qe7 12. dxe5 Nxe5 13. Ng3 Ng4 14. Qd4 Qf6 15. Qxf6 Ngxf6 16. Nd4 Re8 17. Rac1 a5 18. a3 g6 19. Rfd1 Be5 20. Bf3 Bg4 21. Rd2 h5 22. Nge2 Rad8 23. h3 Bxf3 24. gxf3 Nd7 25. Nc3 Nc5 26. Nce2 Nd7 27. Nc3 Nxc3 28. Bxc3 Bc7 29. b4 Ne5 30. Kg2 Nc4 31. Ra2 a4 32. Ba1 Ne5 33. b5 c5 34. Rxc5 Bd6 35. Rc3 f5 36. f4 Nd7 37. Rac2 Nb6 38. Ne2 Bb8 39. Bb2 Rd5 40. Rc5 Rd3 41. Nd4 Bd6 42. R5c3 Rxc3 43. Rxc3 Rc8 44. Rxc8+ Nxc8 45. Nf3 Na7 46. Nd4 Be7 47. Kf3 Bf6 48. Bc3 Bxd4 49. Bxd4 Nxb5 50. Bb2 Kf7 51. Kg3 Nd6 52. f3 Nc4 53. Bc1 b5 54. e4 b4 55. axb4 a3 56. Bxa3 Nxa3 57. Kh4 Kf6 58. e5+ Kg7 59. Kg3 Nb5 60. Kf2 Kf7 61. Ke3 Ke6 62. Kd3 Kd5 63. e6 Kxe6 64. Kc4 Nc7 65. b5 Nxb5 {[%emt 0:01:21] Kd4 Ke5+} 0-1

[Event "WJCC U20 Girls 2019"]
[Site "New Delhi"]
[Date "2019.10.19"]
[Round "6.9"]
[White "Afraoui, Anaelle"]
[Black "Protopopova, Anastasiya"]
[Result "1-0"]
[ECO "B40"]
[WhiteElo "2106"]
[BlackElo "2263"]
[Annotator "NA"]
[PlyCount "115"]
[EventDate "2019.10.15"]
[EventType "swiss"]
[EventCountry "IND"]
[SourceTitle "playchess.com"]
[Source "ChessBase"]
[SourceQuality "1"]
[TimeControl "40/5400+30:1800+30"]

1. e4 c5 2. Nf3 e6 3. d4 cxd4 4. Nxd4 Nf6 5. Nc3 Nc6 6. Ndb5 Bb4 7. a3 Bxc3+ 8. Nxc3 d5 9. exd5 exd5 10. Bf4 d4 $11 11. Nb5 O-O 12. Be2 Nd5 13. Bg3 f5 14. c4 Nde7 15. Qd2 Ng6 16. Bd6 a6 17. Nc7 Qxd6 18. Nxa8 d3 19. Qxd3 Nd4 20. Rd1 Rd8 21. c5 Qe5 22. g3 f4 23. O-O Be6 24. Rfe1 Qf6 25. Nc7 Bb3 26. Qxb3+ Nxb3 27. Rxd8+ Qxd8 28. Bc4+ Kh8 29. Re8+ Qxe8 30. Nxe8 Nxc5 31. b4 Nd7 32. gxf4 Nxf4 33. Nd6 Ne5 34. Ba2 Nf3+ 35. Kh1 b6 36. Nf7+ Kg8 37. Ne5+ Kf8 38. Nxf3 Ke7 39. h4 a5 40. bxa5 bxa5 41. Kh2 Ne2 42. Bc4 Nc3 43. Ng5 h6 44. Ne6 Kf6 45. Kg2 g5 46. hxg5+ hxg5 47. Nd4 Ke5 48. Nc6+ Ke4 49. Nxa5 Kd4 50. Bf1 Kc5 51. Nc4 Kb5 52. Kf3 Ka4 53. Kg4 Nd1 54. f3 Nf2+ 55. Kxg5 Nh1 56. f4 Ng3 57. Bd3 Kb3 58. Kg4 1-0

[Event "WJCC U20 Girls 2019"]
[Site "New Delhi"]
[Date "2019.10.19"]
[Round "6.10"]
[White "Munkhzul, Turmunkh"]
[Black "Olde, Margareth"]
[Result "1/2-1/2"]
[ECO "C95"]
[WhiteElo "2332"]
[BlackElo "2205"]
[Annotator "NA"]
[PlyCount "138"]
[EventDate "2019.10.15"]
[EventType "swiss"]
[EventCountry "IND"]
[SourceTitle "playchess.com"]
[Source "ChessBase"]
[SourceQuality "1"]
[TimeControl "40/5400+30:1800+30"]

1. e4 e5 2. Nf3 Nc6 3. Bb5 a6 4. Ba4 Nf6 5. O-O Be7 6. Re1 b5 7. Bb3 d6 8. c3 O-O 9. h3 Nb8 10. d4 Nbd7 11. Nbd2 c5 12. Nf1 Re8 13. Ng3 Bf8 14. a4 Bb7 15. Bc2 cxd4 16. cxd4 exd4 17. axb5 axb5 18. Rxa8 $11 Bxa8 19. Qxd4 d5 20. e5 Ne4 21. Nxe4 dxe4 22. Bg5 f6 23. exf6 gxf6 24. Bb3+ Kg7 25. Nh4 Ne5 26. Nf5+ Kg6 27. Nh4+ Kg7 28. Be3 Qxd4 29. Nf5+ Kg6 30. Nxd4 Nd3 31. Ra1 Bc5 32. Nxb5 Bxe3 33. fxe3 Rb8 34. Nd4 Nxb2 35. Be6 Nd3 36. Bf5+ Kh6 37. Ra6 Kg5 38. Ra5 Ne5 39. Bxh7 Rb1+ 40. Kf2 Bb7 41. Rb5 Rxb5 42. Nxb5 Nc4 43. Bg8 Nb2 44. Nd6 Bc6 45. Bh7 Nd3+ 46. Kg3 Nc5 47. Nf7+ Kh5 48. Bf5 Nb7 49. h4 Bd5 50. Nh8 Nd6 51. Bg4+ Kh6 52. h5 f5 53. Be2 Kg5 54. Ng6 Bc4 55. Bd1 Nf7 56. Nf4 Ne5 57. Nh3+ Kf6 58. Ba4 Bf7 59. Bd1 Nc4 60. Kf4 Nb6 61. Kg3 Nd5 62. Kf2 Nc3 63. Be2 Nxe2 64. Kxe2 Bxh5+ 65. Kf2 Be8 66. Kg3 Ke5 67. Nf4 Bf7 68. Kh4 Kf6 69. g3 Bc4 1/2-1/2

[Event "WJCC U20 Girls 2019"]
[Site "New Delhi"]
[Date "2019.10.19"]
[Round "6.11"]
[White "Priyanka, Kumari"]
[Black "Song, Yuxin"]
[Result "1/2-1/2"]
[ECO "B92"]
[WhiteElo "1921"]
[BlackElo "2292"]
[Annotator "NA"]
[PlyCount "109"]
[EventDate "2019.10.15"]
[EventType "swiss"]
[EventCountry "IND"]
[SourceTitle "playchess.com"]
[Source "ChessBase"]
[SourceQuality "1"]
[TimeControl "40/5400+30:1800+30"]

1. e4 c5 2. Nf3 d6 3. d4 cxd4 4. Nxd4 Nf6 5. Nc3 a6 6. Be2 e5 7. Nf3 h6 8. Nd2 Be7 9. Nc4 b5 10. Ne3 O-O 11. O-O Nbd7 12. Ncd5 Nxd5 $11 13. Nxd5 Nc5 14. f3 Bb7 15. Be3 Bg5 16. Bxg5 Qxg5 17. Qc1 Qxc1 18. Raxc1 Bxd5 19. exd5 Na4 20. Rb1 Rac8 21. c3 Rc5 22. Bd1 Nb6 23. Bb3 a5 24. a3 a4 25. Ba2 Nc4 26. Bxc4 bxc4 27. Rbd1 Rb8 28. Rf2 f5 29. Re2 Kf7 30. Kf2 Kf6 31. Ke3 Rcb5 32. Rdd2 g5 33. g4 f4+ 34. Kf2 h5 35. gxh5 Rh8 36. Re4 Rxh5 37. Kg2 Rc5 38. Rd1 Kf5 39. h3 Rc8 40. Re2 Rh7 41. Rde1 Rb7 42. Rd1 Rb5 43. Kf2 Rh8 44. Kg2 Rb7 45. Rf1 Rbh7 46. Rh1 Rb8 47. Rd1 Rb5 48. Rdd2 Rc7 49. Re1 Rcb7 50. Ree2 Rc5 51. Re1 Rbb5 52. Red1 e4 53. fxe4+ Kxe4 54. Re2+ Kf5 55. Rd4 {[%emt 0:00:00] Ke5} 1/2-1/2

[Event "WJCC U20 Girls 2019"]
[Site "New Delhi"]
[Date "2019.10.19"]
[Round "6.12"]
[White "Li, Yunshan"]
[Black "Nomindalai Tumurbaatar"]
[Result "1/2-1/2"]
[ECO "A55"]
[WhiteElo "2289"]
[BlackElo "2061"]
[Annotator "NA"]
[PlyCount "119"]
[EventDate "2019.10.15"]
[EventType "swiss"]
[EventCountry "IND"]
[SourceTitle "playchess.com"]
[Source "ChessBase"]
[SourceQuality "1"]
[TimeControl "40/5400+30:1800+30"]

1. d4 d6 2. Nf3 Nf6 3. c4 Nbd7 4. Nc3 e5 5. e4 Be7 6. g3 O-O 7. Bg2 c6 8. O-O a6 9. Re1 Qc7 10. Nh4 Re8 11. Nf5 Bf8 12. Ne3 g6 13. b3 exd4 14. Qxd4 Bg7 15. Bb2 Qb8 16. Qd2 Nc5 17. f3 b5 18. Rad1 Nb7 19. Qc1 Na5 20. Qa1 Nd7 21. Rd2 Nb6 22. cxb5 axb5 23. Qc1 Nb7 24. Ne2 Bxb2 25. Qxb2 Bd7 26. Red1 Qa7 27. Kh1 Qa3 28. Qd4 Nc8 29. Nf4 Qa7 30. Qd3 Nc5 31. Qc3 b4 32. Qd4 Ne6 33. Qd3 Nxf4 34. gxf4 d5 35. Nc2 Qb8 36. f5 Rxa2 37. fxg6 hxg6 38. Nxb4 Rxd2 39. Qxd2 Ne7 40. Nd3 dxe4 41. Nc5 Bf5 42. fxe4 Bg4 43. Rf1 Qc7 44. Qg5 Be2 45. Re1 Bb5 46. e5 Nf5 47. e6 Kg7 48. Nd7 Qd8 49. Qxd8 Rxd8 50. Ne5 fxe6 51. Bxc6 Rb8 52. b4 Nd4 53. Be4 Be8 54. Rb1 Rb5 55. Nc4 Bc6 56. Nd6 Bxe4+ 57. Nxe4 Nc6 58. Nc5 Rxb4 59. Rxb4 Nxb4 60. Nxe6+ 1/2-1/2

[Event "WJCC U20 Girls 2019"]
[Site "New Delhi"]
[Date "2019.10.19"]
[Round "6.13"]
[White "Vantika Agrawal"]
[Black "Katkov, Michelle"]
[Result "1-0"]
[ECO "A05"]
[WhiteElo "2283"]
[BlackElo "2106"]
[Annotator "NA"]
[PlyCount "99"]
[EventDate "2019.10.15"]
[EventType "swiss"]
[EventCountry "IND"]
[SourceTitle "playchess.com"]
[Source "ChessBase"]
[SourceQuality "1"]
[TimeControl "40/5400+30:1800+30"]

1. Nf3 Nf6 2. g3 d5 3. Bg2 Bg4 4. c4 c6 5. Ne5 Bf5 6. cxd5 $11 cxd5 7. Qa4+ Bd7 8. Nxd7 Qxd7 9. Qxd7+ Kxd7 10. Nc3 e6 11. d3 Nc6 12. O-O Bb4 13. a3 Bd6 14. e4 Ne7 15. Be3 Rhc8 16. h3 Bc5 17. Bd2 Ke8 18. Rac1 Bb6 19. Rfe1 Rd8 20. e5 Nd7 21. Nb5 Kf8 22. Bb4 Rac8 23. d4 Rxc1 24. Rxc1 a6 25. Nd6 a5 26. Bc3 Rb8 27. Bf1 Nc6 28. Nb5 Ke7 29. Kg2 Nf8 30. Bd3 Kd7 31. f4 h5 32. g4 hxg4 33. hxg4 Ng6 34. Rf1 Ke7 35. f5 Nf8 36. Rh1 exf5 37. gxf5 g6 38. f6+ Kd7 39. Be2 Ne6 40. Bg4 Rf8 41. Rh7 Ncd8 42. a4 Kc6 43. b3 Ng5 44. Rh1 Nde6 45. Bd2 Ne4 46. Bxe6 fxe6 47. Bh6 Rf7 48. Bg7 Kd7 49. Rh6 g5 50. Kf3 1-0

[Event "WJCC U20 Girls 2019"]
[Site "New Delhi"]
[Date "2019.10.19"]
[Round "6.14"]
[White "Sapale Saloni"]
[Black "Yakubbaeva, Nilufar"]
[Result "1-0"]
[ECO "B12"]
[WhiteElo "2142"]
[BlackElo "2281"]
[Annotator "NA"]
[PlyCount "67"]
[EventDate "2019.10.15"]
[EventType "swiss"]
[EventCountry "IND"]
[SourceTitle "playchess.com"]
[Source "ChessBase"]
[SourceQuality "1"]
[TimeControl "40/5400+30:1800+30"]

1. e4 c6 2. d4 d5 3. e5 Bf5 4. Nf3 e6 5. Be2 c5 6. O-O Nd7 7. c3 Ne7 8. dxc5 Nc6 9. Nd4 $14 Ndxe5 10. Nxf5 exf5 11. b4 Be7 12. f4 Ng6 13. Be3 O-O 14. Bf3 Bf6 15. b5 Nce7 16. g3 Qa5 17. Qb3 a6 18. b6 Rac8 19. Rd1 Rxc5 20. Bxc5 Qxc5+ 21. Kg2 Rd8 22. a4 Nf8 23. Ra2 Ne6 24. Qb4 Qxb4 25. cxb4 Nd4 26. Rad2 Nxf3 27. Kxf3 Rc8 28. Na3 Rc3+ 29. Rd3 Rc6 30. a5 Bc3 31. b5 axb5 32. a6 b4 33. a7 Rc8 34. Nb5 1-0

[Event "WJCC U20 Girls 2019"]
[Site "New Delhi"]
[Date "2019.10.19"]
[Round "6.15"]
[White "Obregon Garcia, Roxangel"]
[Black "Pandey Srishti"]
[Result "0-1"]
[ECO "B06"]
[WhiteElo "2267"]
[BlackElo "1963"]
[Annotator "NA"]
[PlyCount "62"]
[EventDate "2019.10.15"]
[EventType "swiss"]
[EventCountry "IND"]
[SourceTitle "playchess.com"]
[Source "ChessBase"]
[SourceQuality "1"]
[TimeControl "40/5400+30:1800+30"]

1. e4 g6 2. d4 Bg7 3. Nc3 d6 4. Be3 Nd7 5. Qd2 a6 6. h4 b5 7. f4 Ngf6 8. e5 Ng4 9. Nf3 Nb6 10. a3 $11 Bf5 11. h5 Nc4 12. Bxc4 bxc4 13. Nh4 Nxe3 14. Qxe3 Bxc2 15. Rc1 Bd3 16. f5 dxe5 17. dxe5 gxf5 18. h6 Bf8 19. e6 Qd6 20. exf7+ Kxf7 21. Nf3 f4 22. Ng5+ Kg6 23. Qf3 Kxg5 24. Qxa8 Qe5+ 25. Kd1 Bxh6 26. Qf3 Bg6 27. Qe2 Bg7 28. Qd2 Rb8 29. g3 Bh5+ 30. Ne2 Bxe2+ 31. Qxe2 Qd5+ 0-1

[Event "WJCC U20 Girls 2019"]
[Site "New Delhi"]
[Date "2019.10.19"]
[Round "6.16"]
[White "Avetisyan, Mariam"]
[Black "Diakonova, Ekaterina"]
[Result "0-1"]
[ECO "D30"]
[WhiteElo "2110"]
[BlackElo "2231"]
[Annotator "NA"]
[PlyCount "80"]
[EventDate "2019.10.15"]
[EventType "swiss"]
[EventCountry "IND"]
[SourceTitle "playchess.com"]
[Source "ChessBase"]
[SourceQuality "1"]
[TimeControl "40/5400+30:1800+30"]

1. d4 d5 2. c4 e6 3. Nf3 c6 4. Qc2 Nf6 5. g3 Nbd7 6. Bg2 Bd6 7. O-O O-O 8. Rd1 Ne4 9. Nc3 f5 10. Rb1 Qe7 11. a3 Ndf6 12. h3 Nxc3 13. bxc3 Bxa3 14. Bxa3 Qxa3 15. c5 Qa5 16. Ne5 Qc7 17. Qb3 Qe7 18. Kh2 Ne8 19. e3 Nc7 20. Bf1 a6 21. Qa2 Qe8 22. f4 Nb5 23. Bxb5 cxb5 24. Rg1 Bd7 25. g4 Bc6 26. Rg3 Rf6 27. Rbg1 g6 28. gxf5 exf5 29. Rg5 a5 30. Qf2 Qe6 31. Qh4 Rc8 32. Qh6 Be8 33. h4 Rc7 34. h5 Rg7 35. R5g3 g5 36. fxg5 Rxh6 37. gxh6 Rxg3 38. Rxg3+ Kh8 39. Rg7 Qa6 40. Rc7 Qa8 0-1

[Event "WJCC U20 Girls 2019"]
[Site "New Delhi"]
[Date "2019.10.19"]
[Round "6.17"]
[White "Mrudul Dehankar"]
[Black "Onur, Cigdem"]
[Result "1-0"]
[ECO "B42"]
[WhiteElo "2227"]
[BlackElo "1913"]
[Annotator "NA"]
[PlyCount "63"]
[EventDate "2019.10.15"]
[EventType "swiss"]
[EventCountry "IND"]
[SourceTitle "playchess.com"]
[Source "ChessBase"]
[SourceQuality "1"]
[TimeControl "40/5400+30:1800+30"]

1. e4 c5 2. Nf3 e6 3. d4 cxd4 4. Nxd4 a6 5. Bd3 Bc5 6. Nb3 Be7 7. Qg4 g6 8. Nc3 d6 9. Be3 Nf6 10. Qe2 Nbd7 11. f4 $11 b5 12. a3 Bb7 13. O-O Qc7 14. Rad1 O-O 15. Kh1 Rfe8 16. Qe1 Nc5 17. Bd4 Nxb3 18. cxb3 e5 19. Be3 exf4 20. Rxf4 Nh5 21. Rf3 Rad8 22. Qf2 Qd7 23. Rxf7 Qe6 24. Rf3 Qxb3 25. Bb1 Qe6 26. Ba2 d5 27. exd5 Qd6 28. Ne4 Qb8 29. d6+ Kh8 30. Bd4+ Ng7 31. Bxg7+ Kxg7 32. Qd4+ 1-0

[Event "WJCC U20 Girls 2019"]
[Site "New Delhi"]
[Date "2019.10.19"]
[Round "6.18"]
[White "Kiolbasa, Oliwia"]
[Black "Lakshmi C"]
[Result "1/2-1/2"]
[ECO "E67"]
[WhiteElo "2223"]
[BlackElo "1859"]
[Annotator "NA"]
[PlyCount "67"]
[EventDate "2019.10.15"]
[EventType "swiss"]
[EventCountry "IND"]
[SourceTitle "playchess.com"]
[Source "ChessBase"]
[SourceQuality "1"]
[TimeControl "40/5400+30:1800+30"]

1. d4 Nf6 2. c4 g6 3. Nf3 Bg7 4. g3 O-O 5. Bg2 d6 6. O-O Nbd7 7. Nc3 e5 8. dxe5 dxe5 9. e4 Re8 10. Qc2 c6 11. b3 $11 Bf8 12. Bb2 Nc5 13. Rad1 Qc7 14. h3 Ncd7 15. Rfe1 b6 16. Ne2 Bb7 17. g4 h6 18. Ng3 Rad8 19. Qc1 Bg7 20. Qa1 Nh7 21. Re2 f6 22. Red2 Nc5 23. Ba3 Bf8 24. Qc1 Ng5 25. Nxg5 hxg5 26. Bb2 Ne6 27. Ne2 Bb4 28. Rxd8 Rxd8 29. Qc2 Rxd1+ 30. Qxd1 Qd6 31. Qxd6 Bxd6 32. Kh2 Nc5 33. Nc1 Kf7 34. Kg3 1/2-1/2

[Event "WJCC U20 Girls 2019"]
[Site "New Delhi"]
[Date "2019.10.19"]
[Round "6.19"]
[White "Ghosh Samriddhaa"]
[Black "Aakanksha Hagawane"]
[Result "1/2-1/2"]
[ECO "A35"]
[WhiteElo "1867"]
[BlackElo "2181"]
[Annotator "NA"]
[PlyCount "67"]
[EventDate "2019.10.15"]
[EventType "swiss"]
[EventCountry "IND"]
[SourceTitle "playchess.com"]
[Source "ChessBase"]
[SourceQuality "1"]
[TimeControl "40/5400+30:1800+30"]

1. c4 Nf6 2. Nc3 c5 3. Nf3 Nc6 4. d4 cxd4 5. Nxd4 Nxd4 6. Qxd4 d6 7. e4 e5 8. Qd3 h6 9. Be2 Be7 10. O-O O-O 11. f4 Qc7 12. Kh1 b6 13. Qg3 Kh7 14. f5 Bb7 15. Bd3 Rac8 16. Bd2 a6 17. Rae1 Bc6 18. Qh3 Qd8 19. Re3 b5 20. cxb5 axb5 21. Nxb5 Bxb5 22. Bxb5 d5 23. Bd3 dxe4 24. Rxe4 Nxe4 25. f6 Bxf6 26. Bxe4+ g6 27. Qxh6+ Kg8 28. Bxg6 fxg6 29. Qxg6+ Bg7 30. Qe6+ Kh7 31. Qh3+ Kg8 32. Qe6+ Kh7 33. Qh3+ Kg8 34. Qe6+ 1/2-1/2

[Event "WJCC U20 Girls 2019"]
[Site "New Delhi"]
[Date "2019.10.19"]
[Round "6.20"]
[White "Salimova, Nurgyul"]
[Black "Potluri Supreetha"]
[Result "0-1"]
[ECO "A49"]
[WhiteElo "2415"]
[BlackElo "1767"]
[Annotator "NA"]
[PlyCount "78"]
[EventDate "2019.10.15"]
[EventType "swiss"]
[EventCountry "IND"]
[SourceTitle "playchess.com"]
[Source "ChessBase"]
[SourceQuality "1"]
[TimeControl "40/5400+30:1800+30"]

1. d4 Nf6 2. Nf3 g6 3. g3 Bg7 4. Bg2 O-O 5. O-O d6 6. Re1 Nbd7 7. e4 e5 8. c3 Qe7 9. Nbd2 h6 $14 10. b3 Ne8 11. Bb2 Kh7 12. a4 f5 13. exf5 gxf5 14. dxe5 dxe5 15. Nc4 e4 16. Nd4 Ne5 17. Nxe5 Qxe5 18. f3 c5 19. Ne2 Nf6 20. Nf4 c4 21. bxc4 Be6 22. Qc2 Bxc4 23. fxe4 Rfe8 24. h3 fxe4 25. Kh2 Rad8 26. Rad1 Rxd1 27. Rxd1 h5 28. Rd4 h4 29. Qf2 Bh6 30. Bc1 hxg3+ 31. Qxg3 Rg8 32. Qh4 Be2 33. Kh1 Bf3 34. Bxf3 exf3 35. Nd3 Qh5 36. Bxh6 f2 37. Rd7+ Nxd7 38. Qe7+ Kh8 39. Bg7+ Rxg7 0-1

[Event "WJCC U20 Girls 2019"]
[Site "New Delhi"]
[Date "2019.10.19"]
[Round "6.21"]
[White "Ortiz Verdezoto, Anahi"]
[Black "Zhu, Jiner"]
[Result "0-1"]
[ECO "E40"]
[WhiteElo "2055"]
[BlackElo "2507"]
[Annotator "ChessBase"]
[PlyCount "162"]
[EventDate "2019.10.15"]
[EventType "swiss"]
[EventCountry "IND"]
[SourceTitle "playchess.com"]
[Source "ChessBase"]
[SourceQuality "1"]
[TimeControl "40/5400+30:1800+30"]

1. d4 Nf6 2. c4 e6 3. Nc3 Bb4 4. e3 d5 5. a3 Bxc3+ 6. bxc3 O-O 7. Nf3 b6 8. Bd3 Ba6 9. cxd5 exd5 10. Bxa6 Nxa6 11. Qd3 Nb8 12. c4 Nc6 13. O-O Na5 14. cxd5 Qxd5 15. Bd2 Nb3 16. Rab1 Nxd2 17. Qxd2 Rac8 18. Rfc1 Ne4 19. Qb2 c5 20. dxc5 Nxc5 21. Rd1 Qf5 22. Nd4 Qg6 23. Ne2 h6 24. Nf4 Qc6 25. Nh5 Ne6 26. h3 Rfd8 27. Rxd8+ Rxd8 28. Ng3 Rd3 29. Rc1 Qd6 30. Ra1 Qd5 31. e4 Qc5 32. Nf5 Rc3 33. Qb4 a5 34. Qa4 Kf8 35. Qd7 Rc1+ 36. Rxc1 Qxc1+ 37. Kh2 Qc7+ 38. Qd6+ Qxd6+ 39. Nxd6 a4 40. Nb5 Ke7 41. Kg3 Nc5 42. Kf3 Ne6 43. Ke3 Kd7 44. Nc3 Nc5 45. Kd4 Kc6 46. Kc4 Ne6 47. h4 Nc7 48. Kb4 b5 49. f3 Na6+ 50. Ka5 Nc7 51. Kb4 f5 52. g4 fxg4 53. fxg4 Na6+ 54. Ka5 Nc7 55. Kb4 g6 56. Ne2 Ne6 57. Nc3 Nd4 58. Ka5 Kc5 59. g5 hxg5 60. hxg5 Kc4 61. Nb1 Kb3 62. e5 Kb2 63. Nd2 Kxa3 64. e6 Nxe6 65. Kxb5 Nd4+ 66. Kc4 Nb3 67. Nb1+ Kb2 68. Nc3 a3 69. Nd1+ Kc2 70. Ne3+ Kd2 71. Nf1+ Ke2 72. Kxb3 Kxf1 73. Kxa3 Kf2 74. Kb3 Kf3 75. Kc3 Kf4 76. Kd3 Kxg5 77. Ke2 Kg4 78. Kf2 Kh3 79. Kg1 g5 80. Kh1 g4 81. Kg1 Kg3 0-1